 Dungeon Crawl Stone Soup version 0.22.1-6-g1668fe2c40 (webtiles) character file.

14189 Revguard the Bludgeoner (level 11, -7/102 HPs)
             Began as a Minotaur Monk on Jan 27, 2019.
             Was an Elder of Ru.
             Mangled by an ogre mage
             ... wielding a +0 halberd
              (13 damage)
             ... on level 2 of the Orcish Mines.
             The game lasted 00:44:29 (10124 turns).

Revguard the Bludgeoner (Minotaur Monk)            Turns: 10124, Time: 00:44:29

Health: -7/102     AC: 19    Str: 16    XL:     11   Next: 85%
Magic:  5/10       EV:  9    Int:  7    God:    Ru [****..]
Gold:   1087       SH:  0    Dex: 19    Spells: 10/10 levels left

rFire    . . .     SeeInvis .   z - +3 dire flail (freeze)
rCold    + . .     Gourm    .   (shield currently unavailable)
rNeg     . . .     Faith    .   d - +1 plate armour {MR+}
rPois    .         Spirit   .   (helmet restricted)
rElec    .         Reflect  .   (no cloak)
rCorr    .         Harm     .   m - +0 pair of gloves
MR       +....     Rnd*Tele +   q - +1 pair of boots
Stlth    ..........             r - amulet of rage
HPRegen  0.27/turn              g - +5 ring of dexterity
MPRegen  0.12/turn              s - ring of protection from cold

@: exhausted, no scrolls, drained
A: retaliatory headbutt, horns 2, low mp 1, teleportitis 1, weak 1, inability to
read while threatened, hated by all
a: Draw Out Power, Power Leap, Renounce Religion, Evoke Berserk Rage


You were on level 2 of the Orcish Mines.
You worshipped Ru.
Ru was greatly pleased with you.
You were hungry.

You visited 3 branches of the dungeon, and saw 13 of its levels.

You collected 1087 gold pieces.

Inventory:

Hand Weapons
 n - a +2 mace of venom
 z - a +3 dire flail of freezing (weapon)
Armour
 d - a +1 plate armour of magic resistance (worn)
 m - a +0 pair of gloves (worn)
 q - a +1 pair of boots (worn)
Jewellery
 g - a +5 ring of dexterity (left hand)
 k - an uncursed ring of flight
 l - an uncursed ring of protection from magic
 o - an uncursed amulet of magic regeneration
 r - an amulet of rage (around neck)
 s - a ring of protection from cold (right hand)
 v - a +4 ring of intelligence
Wands
 t - a wand of acid (3)
 x - a wand of flame (10)
Scrolls
 f - 2 scrolls of teleportation
 h - 4 scrolls of amnesia
 j - 3 scrolls of identify
 p - 2 scrolls of remove curse
 y - a scroll of fear
Potions
 e - 4 potions of curing
 u - a potion of magic
 w - 2 potions of resistance
Comestibles
 c - 23 rations


   Skills:
 + Level 11.5 Fighting
 + Level 15.1 Maces & Flails
 + Level 10.0 Armour
 + Level 7.7 Dodging
 - Level 1.5 Stealth
 + Level 2.1 Evocations


You had 10 spell levels left.
You didn't know any spells.
Your spell library contained the following spells:

 Spells                   Type           Power        Failure   Level  Hunger
 Shock                    Conj/Air       #...         100%        1    ##.....
 Swiftness                Chrm/Air       #.......     100%        2    ###....
 Static Discharge         Conj/Air       #.......     100%        3    ####...
 Airstrike                Air            #.........   100%        4    #####..
 Lightning Bolt           Conj/Air       #.........   100%        5    ######.


Dungeon Overview and Level Annotations

Branches:
Dungeon (10/15)            Temple (1/1) D:4            Lair (0/6) D:9
    Orc (2/2) D:10            Elf (0/3) Orc:2

Altars:
Ashenzari
Cheibriados
Dithmenos
Elyvilon
Fedhas
Gozag
Hepliaklqana
Kikubaaqudgha
Makhleb
Nemelex Xobeh
Okawaru
Qazlal
Ru
Sif Muna
Trog
Uskayaw
Vehumet
Wu Jian
Xom
Yredelemnul
Zin
The Shining One
Beogh

Shops:
D:4 :   Orc:2 }*:


Innate Abilities, Weirdness & Mutations

You reflexively headbutt those who attack you in melee.
You have a pair of horns on your head.
Your magical capacity is low. (-10% MP)
You are weak. (Str -2)
You cannot read scrolls while threatened.
You are hated by all.
You are occasionally teleported next to monsters.


Message History

A two-headed ogre comes into view. It is wielding two giant spiked clubs.
The two-headed ogre shouts in stereo!
A two-headed ogre comes into view.
It is wielding a giant club and a giant The two-headed ogre shouts in stereo!
A two-headed ogre comes into view.
It is wielding a giant club and a giant The two-headed ogre shouts in stereo!
You hear two shouts!
You hear a shout!
The ogre hits you with a giant club!
* * * LOW HITPOINT WARNING * * *
A two-headed ogre comes into view.
It is wielding a giant spiked club and a A cyclops comes into view.
A troll comes into view.
The ogre mage closely misses you. The two-headed ogre barely misses you.
The two-headed ogre hits you but does no damage.
Found Gucaf's Gadget Shop and Tusoc's Book Shoppe.
An ogre, a two-headed ogre, an ogre mage and an iron troll come into view.
Aiming: Power Leap
Press: ? - help, Dir - move target cursor You hear two shouts!
You hear a shout! x5
A two-headed ogre comes into view. It is wielding two giant spiked clubs.
The ogre mage hits you with a halberd!
You die...

..## #......C∩.
...# #.........
...# #.O.O....
...### ##......O
.....# #...OO.T##
.).### #.∩...O..#
).## ......T∩.###
###
........O#.##.##
)(#
....OOT.O@.....#
###
#........O.T.....
##O....##........
#
##.#.....###.....#
## #.....O.##
##...#
.#######.#.....#
#..#
..##.#TOCO$...#
...
O##.OOO..##.### .#
.....#....# #


You could see an iron troll, 5 two-headed ogres, an ogre mage, a deep troll, 2
trolls and 6 ogres.

Vanquished Creatures
  A two-headed ogre (Orc:2)
  3 orc high priests
  3 orc knights
  A cyclops (Orc:2)
  7 trolls
  Prince Ribbit (D:8)
  2 hippogriffs (D:9)
  A spriggan (D:9)
  3 wargs
  A water moccasin (D:8)
  23 orc warriors
  A black bear (D:7)
  4 ice beasts
  3 sky beasts
  A phantom (D:7)
  4 centaurs
  11 ogres
  A big kobold (D:4)
  8 bullfrogs
  4 scorpions
  6 wights
  2 bullfrog zombies
  8 crimson imps
  3 centaur zombies
  A quasit (D:3)
  3 centaur skeletons
  9 orc wizards
  A bullfrog skeleton (D:10)
  8 hounds
  12 orc priests
  2 iguanas
  6 worker ants
  A hound zombie (D:5)
  A hound skeleton (D:9)
  A worker ant zombie (D:5)
  8 gnolls
  10 adders
  3 shadow imps
  An ooze (D:2)
  2 adder skeletons
  2 worms
  A dart slug (D:2)
  5 leopard geckos
  54 orcs
  3 giant cockroaches
  6 goblins
  7 hobgoblins
  5 jackals
  8 quokkas
  2 ball pythons
  A ball python skeleton (D:4)
  10 bats
  5 frilled lizards
  2 jackal zombies (D:5)
  9 kobolds
  3 leopard gecko skeletons
  A leopard gecko zombie (D:7)
  A quokka skeleton (D:4)
  7 rats
303 creatures vanquished.

Vanquished Creatures (others)
  2 orcs
2 creatures vanquished.

Grand Total: 305 creatures vanquished

Notes
Turn   | Place    | Note
-------+----------+-------------------------------------------
     0 | D:1      | Revguard the Minotaur Monk began the quest for the Orb.
     0 | D:1      | Reached XP level 1. HP: 19/19 MP: 0/0
    94 | D:1      | Reached XP level 2. HP: 16/27 MP: 1/1
   337 | D:1      | Reached skill level 4 in Maces & Flails
   756 | D:2      | Reached XP level 3. HP: 28/33 MP: 2/2
  1206 | D:2      | Reached XP level 4. HP: 41/41 MP: 3/3
  1450 | D:2      | Reached skill level 1 in Armour
  1683 | D:3      | Reached skill level 5 in Maces & Flails
  1871 | D:3      | Reached XP level 5. HP: 47/47 MP: 4/4
  1994 | D:3      | Found a stormy altar of Qazlal.
  1998 | D:3      | Found a radiant altar of Vehumet.
  2001 | D:3      | Found a burning altar of Makhleb.
  2288 | D:3      | Found a bloodstained altar of Trog.
  2355 | D:4      | Noticed an ogre
  2365 | D:4      | Killed an ogre
  2414 | D:4      | Reached skill level 6 in Maces & Flails
  2414 | D:4      | Reached XP level 6. HP: 52/53 MP: 5/5
  2489 | D:4      | Gained mutation: Your magical capacity is low. (-10% MP)
                  | [potion of mutation]
  2489 | D:4      | Gained mutation: You are resistant to hostile enchantments.
                  | (MR+) [potion of mutation]
  2553 | D:4      | Found a shimmering altar of Xom.
  2666 | D:4      | Reached skill level 5 in Fighting
  2666 | D:4      | Reached skill level 5 in Dodging
  2770 | D:4      | Found Xuquhiugh's Book Shop.
  2850 | D:4      | Found a staircase to the Ecumenical Temple.
  2865 | D:4      | Reached XP level 7. HP: 61/61 MP: 5/5
  2886 | Temple   | Entered the Ecumenical Temple
  2941 | Temple   | Became a worshipper of Ru the Awakened
  2953 | Temple   | Gained mutation: You are hated by all. [Ru sacrifice]
  2953 | Temple   | Reached * piety under Ru
  3244 | D:4      | Reached skill level 7 in Maces & Flails
  3452 | D:5      | Entered Level 5 of the Dungeon
  3702 | D:5      | Found a blossoming altar of Fedhas.
  4329 | D:6      | Reached skill level 8 in Maces & Flails
  4332 | D:6      | Reached XP level 8. HP: 19/70 MP: 6/6
  4597 | D:6      | Reached skill level 5 in Armour
  4921 | D:6      | Reached skill level 9 in Maces & Flails
  5121 | D:7      | Found an opulent altar of Gozag.
  5264 | D:7      | Reached XP level 9. HP: 43/78 MP: 7/7
  5268 | D:7      | Gained mutation: You cannot read scrolls while threatened.
                  | [Ru sacrifice]
  5268 | D:7      | Reached ** piety under Ru
  5268 | D:7      | Reached *** piety under Ru
  5565 | D:7      | Reached skill level 10 in Maces & Flails
  5956 | D:8      | Found a shattered altar of Ashenzari.
  6149 | D:8      | Noticed Prince Ribbit
  6159 | D:8      | Killed Prince Ribbit
  6159 | D:8      | Reached skill level 11 in Maces & Flails
  6375 | D:8      | Lost mutation: Your magical capacity is low. (-10% MP)
                  | [potion of mutation]
  6375 | D:8      | Lost mutation: You are resistant to hostile enchantments.
                  | (MR+) [potion of mutation]
  6375 | D:8      | Gained mutation: You are occasionally teleported next to
                  | monsters. [potion of mutation]
  6375 | D:8      | Gained mutation: Your muscles are strong. (Str +2) [potion
                  | of mutation]
  6921 | D:9      | Found a staircase to the Lair.
  7065 | D:9      | Found a shadowy altar of Dithmenos.
  7411 | D:9      | Reached skill level 12 in Maces & Flails
  7426 | D:9      | Reached XP level 10. HP: 90/90 MP: 9/9
  7434 | D:9      | Gained mutation: Your magical capacity is low. (-10% MP)
                  | [Ru sacrifice]
  7436 | D:9      | Noticed an enchanted dagger
  7437 | D:9      | Found a hide-covered altar of Uskayaw.
  7437 | D:9      | Noticed a hand axe
  7942 | D:10     | Entered Level 10 of the Dungeon
  8315 | D:10     | Noticed an orc knight
  8330 | D:10     | Killed an orc knight
  8330 | D:10     | Reached skill level 13 in Maces & Flails
  8367 | D:10     | Found a roughly hewn altar of Beogh.
  8367 | D:10     | Found a staircase to the Orcish Mines.
  8459 | D:10     | Reached skill level 1 in Evocations
  8819 | Orc:1    | Entered Level 1 of the Orcish Mines
  8921 | Orc:1    | Found a roughly hewn altar of Beogh.
  8941 | Orc:1    | Noticed an orc high priest
  8951 | Orc:1    | Noticed an orange demon
  8951 | Orc:1    | Noticed an orc knight
  8954 | Orc:1    | Killed an orc high priest
  8954 | Orc:1    | Reached XP level 11. HP: 48/99 MP: 10/10
  8968 | Orc:1    | Killed an orc knight
  8968 | Orc:1    | Reached skill level 10 in Fighting
  8968 | Orc:1    | Reached skill level 14 in Maces & Flails
  8995 | Orc:1    | Lost mutation: Your muscles are strong. (Str +2) [Ru
                  | sacrifice]
  8995 | Orc:1    | Gained mutation: You are weak. (Str -2) [Ru sacrifice]
  8995 | Orc:1    | Reached **** piety under Ru
  8999 | Orc:1    | Found a roughly hewn altar of Beogh.
  9380 | Orc:1    | Noticed an orc knight
  9393 | Orc:1    | Killed an orc knight
  9609 | Orc:1    | Found a roughly hewn altar of Beogh.
  9609 | Orc:1    | Noticed an orc high priest
  9629 | Orc:1    | Killed an orc high priest
  9909 | Orc:2    | Entered Level 2 of the Orcish Mines
  9909 | Orc:2    | Found a staircase to the Elven Halls.
  9983 | Orc:2    | Noticed an orc high priest
  9997 | Orc:2    | Killed an orc high priest
 10036 | Orc:2    | Found Roanuedel's Assorted Antiques.
 10036 | Orc:2    | Noticed a two-headed ogre
 10090 | Orc:2    | Killed a two-headed ogre
 10090 | Orc:2    | Reached skill level 10 in Armour
 10104 | Orc:2    | Reached skill level 15 in Maces & Flails
 10123 | Orc:2    | Found Gucaf's Gadget Shop.
 10123 | Orc:2    | Found Tusoc's Book Shoppe.
 10123 | Orc:2    | Noticed a deep troll
 10123 | Orc:2    | Noticed a two-headed ogre
 10123 | Orc:2    | Noticed a two-headed ogre
 10123 | Orc:2    | Noticed a two-headed ogre
 10123 | Orc:2    | Noticed a two-headed ogre
 10123 | Orc:2    | Noticed a two-headed ogre
 10124 | Orc:2    | Noticed a two-headed ogre
 10124 | Orc:2    | Noticed an iron troll
 10124 | Orc:2    | Noticed an ogre mage
 10124 | Orc:2    | Noticed a two-headed ogre
 10124 | Orc:2    | Mangled by an ogre mage

Skill      XL: |  1  2  3  4  5  6  7  8  9 10 11 |
---------------+----------------------------------+-----
Maces & Flails | 4 5 6 8 9 12 13 15 | 15.1
Fighting       | 4 5 6 8 9 11 | 11.5
Dodging        | 4 5 6 7 |  7.7
Armour         | 1 2 3 4 6 7 9 10 | 10.0
Evocations     | 1 2 |  2.1
Stealth        | |  1.5

Action                   |  1- 3 |  4- 6 |  7- 9 | 10-12 || total
-------------------------+-------+-------+-------+-------++-------
Melee: Mace              |    93 |    97 |   247 |       ||   437
       Headbutt          |    12 |    16 |    79 |    73 ||   180
       Dire flail        |       |       |    37 |   312 ||   349
Invok: Sacrifice Love    |       |       |     1 |       ||     1
       Sacrifice Words   |       |       |     1 |       ||     1
       Draw Out Power    |       |       |       |     3 ||     3
       Sacrifice Essence |       |       |       |     1 ||     1
       Power Leap        |       |       |       |     3 ||     3
       Sacrifice Purity  |       |       |       |     1 ||     1
 Abil: Evoke Berserk Rag |       |       |       |     2 ||     2
Evoke: Wand              |       |       |       |     4 ||     4
  Use: Scroll            |     4 |     4 |    13 |     1 ||    22
       Potion            |       |     6 |     2 |     5 ||    13
 Stab: Sleeping          |     1 |       |     3 |       ||     4
       Invisible         |       |       |       |     5 ||     5
  Eat: Chunk             |       |     6 |    11 |    10 ||    27
       Ration            |       |       |     1 |       ||     1
Armor: Robe              |    10 |       |       |       ||    10
       Ring mail         |    18 |    60 |   103 |       ||   181
       Skin              |       |    53 |       |    26 ||    79
       Chain mail        |       |       |    12 |    30 ||    42
       Plate armour      |       |       |       |    89 ||    89
Dodge: Dodged            |    77 |   123 |   195 |   118 ||   513
